 Dungeon Crawl Stone Soup version 0.30-a0-694-g3340775977 (webtiles) character file.

Game seed: 612227022831128111

10 M4edhros the Twirler (level 2, -5/18 HPs)
             Began as an Octopode Wanderer on Jan 20, 2023.
             Killed from afar by Terence (10 damage)
             ... with a bolt of light
             ... on level 2 of the Dungeon.
             The game lasted 00:00:27 (193 turns).

M4edhros the Twirler (Octopode Wanderer)             Turns: 193, Time: 00:00:27

Health: -5/18      AC:  1    Str:  7    XL:     2   Next: 20%
Magic:  5/5        EV: 13    Int: 16    God:
Gold:   7          SH:  0    Dex: 13    Spells: 4/5 levels left

rFire   . . .      SeeInvis .    a - +2 quarterstaff
rCold   . . .      Faith    .    (shield currently unavailable)
rNeg    . . .      Spirit   .    b - +0 hat
rPois   .          Reflect  .    (no amulet)
rElec   .          Harm     .    (no ring)
rCorr   .          Rampage  .    (no ring)
Will    .....                    (no ring)
Stlth   +++                      (no ring)
HPRegen 0.23/turn                (no ring)
MPRegen 0.09/turn                (no ring)
                                 (no ring)
                                 (no ring)

@: no status effects
A: almost no armour, amphibious, 8 rings, camouflage 1, gelatinous body 1,
(nimble swimmer 1), tentacles
a: no special abilities


You were on level 2 of the Dungeon.
You visited 1 branch of the dungeon, and saw 2 of its levels.

You collected 7 gold pieces.

Inventory:

Hand Weapons
 a - a +2 quarterstaff (weapon)
Missiles
 e - 6 poisoned darts
Armour
 b - a +0 hat (worn)
Scrolls
 c - a scroll of teleportation
 d - a scroll of identify {unknown}
 f - a scroll of blinking {unknown}


   Skills:
 + Level 1.1 Fighting
 - Level 4.0 Staves
 * Level 1.5 Dodging
 + Level 1.6 Stealth
 + Level 2.0 Spellcasting
 * Level 1.7 Poison Magic


You had 4 spell levels left.
You knew the following spells:

 Your Spells              Type           Power      Damage    Failure   Level
a - Sting                 Tmut/Pois      16%        1d3       14%         1

Your spell library contained the following spells:

 Spells                   Type           Power      Damage    Failure   Level
 Spider Form              Tmut/Pois      4%         N/A       41%         3


Dungeon Overview and Level Annotations

Branches:
Dungeon (2/15)

Altars:

Annotations:
D:2 Terence


Innate Abilities, Weirdness & Mutations

You cannot wear most types of armour.
You are amphibious.
You can wear up to eight rings at the same time.
Your skin changes colour to match your surroundings (Stealth+).
Your rubbery body absorbs attacks. (AC +1, EV +1)
((You are camouflaged when in or above water. (Stealth+)))
You have tentacles for arms and can constrict up to eight enemies at once.


Message History

HP restored.
You see here a quokka corpse.
Found an escape hatch in the floor.
Found a stone staircase leading down.
No target in view!
There is an escape hatch in the floor here.
There is a stone staircase leading down here.
f - a scroll labelled RUARO ALUAPLO No target in view!
No target in view!
(D) Dungeon
Where to? (? - help)
There is a stone staircase leading down here.
You climb downwards.
Found 11 gold pieces.
Found a stone staircase leading down.
There is a stone staircase leading up here.
There are monsters nearby!
There are monsters nearby!
The helpless Terence fails to defend himself.
You hit Terence. You grab Terence.
Terence is moderately wounded.
You constrict Terence, but do no damage.
Terence hits you with a +0 falchion!
There are monsters nearby!
You hit Terence but do no damage.
Terence is moderately wounded.
You constrict Terence, but do no damage.
Terence shouts, "ATTACK!!!"
Terence drinks a potion.
Terence flickers and vanishes!
Deactivating autopickup; reactivate with Ctrl-A.
You hit something but do no damage. You constrict something.
Something hits you!
* * * LOW HITPOINT WARNING * * *
You hit something. You constrict something. Something barely misses you.
You aren't carrying any potions.
You barely miss something. You squeeze something. You constrict something.
You hear a zap.
A bolt of light appears from out of thin air!
The bolt of light hits you!
Ouch! That really hurt!
You die...

#. #.
#. ##
#. .#
#. $#
##.#.#
#....#
#..@#
#...{#
##.#.#
#. .#
#. .#
#. .#
>. r#
.. .#


You could see a quokka (asleep).

Vanquished Creatures
  2 endoplasms (D:1)
  4 jackals (D:1)
  A quokka (D:1)
  A frilled lizard (D:1)
8 creatures vanquished.

Notes
Turn   | Place    | Note
-------+----------+-------------------------------------------
     0 | D:1      | M4edhros the Octopode Wanderer began the quest for the Orb.
     0 | D:1      | M4edhros set off with the following items: a +2
                  | quarterstaff, a +0 hat, a scroll of teleportation; and the
                  | following spell memorised: Sting; and the following spells
                  | available to memorise: Spider Form.
     0 | D:1      | Reached XP level 1. HP: 13/13 MP: 3/3
   132 | D:1      | Reached XP level 2. HP: 15/18 MP: 5/5
   188 | D:2      | Noticed Terence
   193 | D:2      | Killed from afar by Terence

Illustrated notes

Levels and vault maps discovered:
D:1:      dpeg_arrival_rooms_a, layout_basic, serial_shops, shop
D:2:      layout_loops_ring, uniq_terence, uniq_sigmund, uniq_natasha

Action                   || total
-------------------------++-------
Melee: Quarterstaff      ||    15
       Constrict         ||     2
       Tentacles         ||     1
 Stab: Sleeping          ||     1
Dodge: Dodged            ||     4

Table legend: (Time is in decaauts)
 A = Elapsed time spent in this place.
 B = Non-inter-level travel time spent in this place.
 C = Inter-level travel time spent in this place.
 D = Time resting spent in this place.
 E = Time spent auto-exploring this place.
 F = Levels seen in this place.
 G = Mean time per level.
                   A        B        C        D        E       F      G
               +--------+--------+--------+--------+--------+-----+--------+
         Total |    194 |    189 |      5 |      0 |    149 |   2 |   97.0 |
       Dungeon |    194 |    189 |      5 |      0 |    149 |   2 |   97.0 |
               +--------+--------+--------+--------+--------+-----+--------+

Top non-repeatable levels by time:
     D:1: 189 daAuts
     D:2: 5 daAuts
